 Dungeon Crawl Stone Soup version 0.28-a0-1033-g1a2f33fa85 (webtiles) character file.

Game seed: 4694159078870297942

331 tsouns the Skirmisher (level 6, -5/46 (50) HPs)
             Began as a Demonspawn Brigand on Dec 7, 2021.
             Slain by Edmund (12 damage)
             ... on level 4 of the Dungeon.
             The game lasted 00:04:06 (3016 turns).

tsouns the Skirmisher (Demonspawn Brigand)          Turns: 3016, Time: 00:04:06

HP:   -5/46 (50)    AC:  5    Str: 13    XL:     6   Next: 26%
MP:   6/6           EV: 11    Int: 12    God:
Gold: 118           SH:  9    Dex: 15    Spells: 5/5 levels left

rFire   . . .      SeeInvis .   i - +2 short sword (venom)
rCold   . . .      Faith    .   (no shield)
rNeg    . . .      Spirit   .   b - +0 robe
rPois   .          Reflect  +   m - +0 helmet
rElec   .          Harm     .   c - +0 cloak
rCorr   .          Rampage  .   (no gloves)
Will    .....                   h - +0 pair of boots
Stlth   ++........              u - amulet of reflection
HPRegen 0.15/turn               (no ring)
MPRegen 0.10/turn               (no ring)

@: drained
A: large bone plates 1, powered by pain 1
a: no special abilities


You were on level 4 of the Dungeon.
You visited 1 branch of the dungeon, and saw 4 of its levels.

You collected 118 gold pieces.

Inventory:

Hand Weapons
 a - a +2 dagger
 i - a +2 short sword of venom (weapon)
Missiles
 d - 7 poisoned darts (quivered)
 o - a curare-tipped dart
Armour
 b - a +0 robe (worn)
 c - a +0 cloak (worn)
 h - a +0 pair of boots (worn)
 m - a +0 helmet (worn)
Jewellery
 u - an amulet of reflection (around neck)
Wands
 l - a wand of digging (2)
Scrolls
 e - a scroll of identify {unknown}
 g - a scroll of acquirement {unknown}
 k - a scroll of enchant weapon {unknown}
 n - a scroll of immolation {unknown}
 q - a scroll of silence {unknown}
 r - a scroll of fear {unknown}
 t - a scroll of magic mapping {unknown}
Potions
 f - 2 potions of haste {unknown}
 j - a potion of might {unknown}
 p - a potion of heal wounds {unknown}
 s - a potion of invisibility {unknown}


   Skills:
 + Level 4.9 Fighting
 + Level 4.4 Short Blades
 - Level 1.7 Throwing
 - Level 0.8 Dodging
 - Level 3.6 Stealth


You had 5 spell levels left.
You didn't know any spells.
Your spell library was empty.

Dungeon Overview and Level Annotations

Branches:
Dungeon (4/15)
 Temple: D:4-7

Altars:

Annotations:
D:4 Edmund


Innate Abilities, Weirdness & Mutations

You are partially covered in large bone plates. (SH +4)
You sometimes gain a little power by taking damage.


Message History

There is an open door here.
u - an amulet of reflection You start putting on your amulet.
You continue putting on your amulet of reflection. x5
You finish putting on your amulet of reflection.
You feel a shielding aura gather around you.
u - an amulet of reflection (around neck)
There is an open door here.
There is an open door here.
There is an open door here.
Edmund the Younger comes into view.
He is wielding a +6 flail of draining.
Found a whip.
Edmund drinks a potion.
Edmund goes berserk!
You block Edmund's attack.
You barely miss Edmund. You block Edmund's attack.
Edmund hits you with a +6 flail of draining!
You feel drained.
You are too injured to fight recklessly!
You are too injured to fight recklessly!
You are too injured to fight recklessly!
You are too injured to fight recklessly!
You are too injured to fight recklessly!
You are too injured to fight recklessly!
You are too injured to fight recklessly!
You are too injured to fight recklessly!
You are too injured to fight recklessly!
You are too injured to fight recklessly!
Okay, then.
You block Edmund's attack. Edmund closely misses you. Edmund misses you.
Edmund rages.
You block Edmund's attack.
Edmund hits you with a +6 flail of draining!!
* * * LOW HITPOINT WARNING * * *
You feel drained.
* * * LOW HITPOINT WARNING * * *
You block Edmund's attack.
Edmund hits you with a +6 flail of draining!
You die...

#....#......#
#....#<>....#
###.##########
#.(####.##.#.....#
...........'.....#
...........#.....#
...........#.....#
############.....#
###....##....@######
#.......#...@.#
#.......'.....#
#.......#.....#
#########.....######
........#'###.....#
........#...#.....#
........#...#.....#
........#...#.....#


You could see Edmund (berserk).

Vanquished Creatures
  Sigmund (D:2)
  An iguana (D:3)
  Robin (D:2)
  4 adders
  A dart slug (D:2)
  2 orcs (D:3)
  4 ball pythons
  7 endoplasms
  7 giant cockroaches
  10 hobgoblins
  3 jackals (D:1)
  5 quokkas
  11 bats
  3 frilled lizards
  14 goblins
  8 kobolds
  4 rats
86 creatures vanquished.

Notes
Turn   | Place    | Note
-------+----------+-------------------------------------------
     0 | D:1      | tsouns the Demonspawn Brigand began the quest for the Orb.
     0 | D:1      | Reached XP level 1. HP: 16/16 MP: 1/1
   253 | D:1      | Gained mutation: You are partially covered in large bone
                  | plates. (SH +4) [demonic ancestry]
   253 | D:1      | Reached XP level 2. HP: 17/23 MP: 2/2
   991 | D:1      | Reached XP level 3. HP: 28/28 MP: 3/3
  1564 | D:2      | Noticed Robin
  1587 | D:2      | Gained mutation: You sometimes gain a little power by
                  | taking damage. [demonic ancestry]
  1587 | D:2      | Reached XP level 4. HP: 17/35 MP: 4/4
  1815 | D:2      | Killed Robin
  1998 | D:2      | Noticed Sigmund
  2006 | D:2      | Killed Sigmund
  2007 | D:2      | Reached XP level 5. HP: 38/43 MP: 5/5
  2247 | D:3      | Reached XP level 6. HP: 49/49 MP: 6/6
  2997 | D:4      | Noticed Edmund
  3016 | D:4      | Slain by Edmund

Illustrated notes

Levels and vault maps discovered:
D:1:      dpeg_arrival_boxes_within_box, layout_basic,
          chequers_serial_rivers_room_b
D:2:      layout_basic, uniq_sigmund, uniq_robin
D:3:      layout_loops_cross, minmay_hedge_maze, kennysheep_generic_room_16
D:4:      layout_gridville, minmay_temple_entry_proselytizer,
          uniq_blork_the_orc, uniq_edmund, uniq_duvessa, uniq_ijyb

Skill      XL: |  1  2  3  4 |
---------------+-------------+-----
Short Blades   | 2 3 4 |  4.4
Fighting       | 3 4 |  4.9
Throwing       | |  1.7
Dodging        | |  0.8
Stealth        | |  3.6

Action                   |  1- 3 |  4- 6 || total
-------------------------+-------+-------++-------
Melee: Dagger            |    74 |       ||    74
       Short sword       |    36 |    79 ||   115
Throw: Dart              |       |     5 ||     5
 Stab: Sleeping          |    13 |    12 ||    25
Armor: Robe              |    31 |    17 ||    48
Dodge: Dodged            |    60 |    30 ||    90
Block: Other             |    13 |    14 ||    27

Table legend: (Time is in decaauts)
 A = Elapsed time spent in this place.
 B = Non-inter-level travel time spent in this place.
 C = Inter-level travel time spent in this place.
 D = Time resting spent in this place.
 E = Time spent auto-exploring this place.
 F = Levels seen in this place.
 G = Mean time per level.
                   A        B        C        D        E       F      G
               +--------+--------+--------+--------+--------+-----+--------+
         Total |   3002 |   2957 |     45 |      0 |   2368 |   4 |  750.5 |
       Dungeon |   3002 |   2957 |     45 |      0 |   2368 |   4 |  750.5 |
               +--------+--------+--------+--------+--------+-----+--------+

Top non-repeatable levels by time:
     D:1: 1636 daAuts
     D:3: 770 daAuts
     D:2: 488 daAuts
     D:4: 107 daAuts
